AoeStats
← ^9Jail^5a^9trix

Arabia

503169278Analyzed
4v4 RM · 1mo ago on Aug 30, 2026· 22m 15s· 8 players
Game mode
Random Map
Map size
Large (8 player)
Population
200
Speed
Normal
Resources
Standard
Victory
Conquest
Starting age
Dark Age
Ending age
Imperial Age
RankedLock teamsTeams togetherTeam positionsShared explorationLock speedFull tech treeHidden civsTurbo modeCheats
Victory
Defeat
🇫🇷 Ethiopians · France
1190
+11
🇫🇷 Khitans · France
1168
+12
🇫🇷 Persians · France
1125
+13
🇫🇷 Britons · France
907
+23
🇨🇳 Turks · China
1091
-16
🇨🇳 Huns · China
1091
-16
🇫🇮 Franks · Finland
1062
-14
🇱🇹 Bengalis · Lithuania
1032
-13
Hessu
11:43 Feudal Age
15:55 Castle Age
15:35 Scale Barding Armor
15:23 Loom
海哥
Evomartis
4:20 Loom
11:03 Feudal Age
12:05 Double-Bit Axe
12:41 Town Watch
15:50 Fletching
18:31 Padded Archer Armor
Ю菜刀 —
1:36 Loom
11:52 Feudal Age
12:22 Double-Bit Axe
15:40 Horse Collar
21:23 Castle Age
21:08 Gold Mining
Zigoto85
8:28 Loom
11:02 Feudal Age
11:31 Double-Bit Axe
13:25 Forging
15:32 Scale Barding Armor
20:21 Wheelbarrow
23:59 Castle Age
Anthion
7:10 Loom
10:00 Feudal Age
10:29 Double-Bit Axe
14:13 Wheelbarrow
16:08 Fletching
19:28 Padded Archer Armor
21:53 Castle Age
21:05 Gold Mining
20:59 Horse Collar
21:56 Crossbowman
22:35 Bodkin Arrow
^9Jail^5a^9trix
9:57 Feudal Age
8:18 Loom
10:03 Feudal Age
11:04 Horse Collar
11:10 Double-Bit Axe
16:42 Scale Barding Armor
18:55 Forging
21:00 Wheelbarrow
20:54 Fletching
24:19 Castle Age
Regnum Francorum
1:31 Loom
12:10 Feudal Age
13:29 Wheelbarrow
12:41 Double-Bit Axe
12:39 Horse Collar
12:52 Gold Mining
19:59 Castle Age
21:05 Hand Cart
21:04 Bow Saw
20:56 Heavy Plow
21:37 Gold Shaft Mining
20:56 Stone Mining
Connection lost

Rejoining the realm…

Still unreachable

The connection could not be restored.

Session expired

The server has moved on; the page needs a fresh start.